 Dungeon Crawl Stone Soup version 0.32-a0-673-g3729bd5 (webtiles) character file.

Game seed: 15433795414594556612

173 Anonymous1 the Vexing (level 5, -1/36 HPs)
             Began as a Vampire Hexslinger on Mar 10, 2024.
             Slain by Grinder (8 damage)
             ... on level 3 of the Dungeon.
             The game lasted 00:07:21 (2462 turns).

Anonymous1 the Vexing (Vampire Hexslinger)          Turns: 2462, Time: 00:07:22

Health: -1/36      AC:  3    Str:  7    XL:     5   Next: 28%
Magic:  8/8        EV: 14    Int: 15    God:
Gold:   176        SH:  0    Dex: 19    Spells: 3/8 levels left

rFire   . . .        j - +0 dagger (venom)
rCold   . . .        (no shield)
rNeg    . . .        c - +0 robe
rPois   .            i - +0 hat
rElec   .            e - +0 cloak
rCorr   .            (no gloves)
SInv    +            (no boots)
Will    .....        (no amulet)
Stlth   +++          (no ring)
HPRegen 0.46/turn    (no ring)
MPRegen 0.11/turn

%: no passive effects
@: weak-willed, healing quickly, hasted, very quick
A: alive, fangs 3, see invisible, vampiric 2
a: Exsanguinate


You were on level 3 of the Dungeon.
You visited 1 branch of the dungeon, and saw 4 of its levels.

You collected 176 gold pieces.

Inventory:

Hand Weapons
 a - a +1 sling
 j - a +0 dagger of venom (weapon)
Armour
 c - a +0 robe (worn)
 e - a +0 cloak (worn)
 i - a +0 hat (worn)
Scrolls
 b - a scroll of poison
 d - a scroll of noise {unknown}
 h - 2 scrolls of amnesia


   Skills:
 - Level 0.8 Fighting
 + Level 0.2 Short Blades
 - Level 1.5 Ranged Weapons
 + Level 3.5 Dodging
 * Level 4.3 Stealth
 + Level 2.1 Spellcasting
 - Level 5.6 Hexes
 - Level 0.7 Fire Magic


You had 3 spell levels left.
You knew the following spells:

 Your Spells              Type           Power      Damage    Failure   Level
a - Jinxbite              Hex            36%        N/A       3%          2
b - Dazzling Flash        Conj/Hex       20%        N/A       21%         3

Your spell library contained the following spells:

 Spells                   Type           Power      Damage    Failure   Level
 Sigil of Binding         Hex            18%        N/A       6%          3
 Inner Flame              Hex/Fire       11%        N/A       19%         3
 Mephitic Cloud           Conj/Alch/Air  1%         N/A       54%         3
 Cause Fear               Hex            9%         N/A       22%         4
 Dimensional Bullseye     Hex/Tloc       5%         N/A       56%         4
 Silence                  Hex/Air        5%         N/A       88%         5
 Curse of Agony           Necr           1%         N/A       99%         5


Dungeon Overview and Level Annotations

Branches:
Dungeon (4/15)
 Temple: D:4-7

Altars:

Annotations:
D:3 Grinder


Innate Abilities, Weirdness & Mutations

Your natural rate of healing is accelerated.
You have razor-sharp teeth.
You have supernaturally acute eyesight. (SInv)
You are afflicted with vampirism and can become a bat while bloodless.


Message History

Grinder barely misses you.
You barely miss Grinder.
Grinder is severely wounded.
A giggling sprite leaps out and insults Grinder's ancestors.
Grinder is severely wounded.
The jinxing sprites lose interest in you.
You hit Grinder.
Grinder is severely wounded.
Grinder closely misses you.
You hit Grinder but do no damage.
Grinder is severely wounded.
Grinder blinks!
Grinder gestures at you.
You suddenly lose the ability to move!
Grinder blinks!
Grinder seems less drained.
Grinder blinks!
You can move again.
Casting: Jinxbite (safe; 3% risk of failure)
Confirm with . or Enter, or press ? or * to list all spells.
Okay, then.
Casting: Jinxbite (safe; 3% risk of failure)
Confirm with . or Enter, or press ? or * to list all spells.
There is nobody nearby that the sprites are interested in.
Grinder gestures at you. Pain shoots through your body!
* * * LOW HITPOINT WARNING * * *
Casting: Jinxbite (safe; 3% risk of failure)
Confirm with . or Enter, or press ? or * to list all spells.
Okay, then.
You closely miss Grinder.
Grinder is severely wounded.
Grinder looks more healthy.
Grinder gestures at you. Pain shoots through your body!
* * * LOW HITPOINT WARNING * * *
You hit Grinder.
Grinder is almost dead.
Grinder hits you!
You die...
Grinder says, "Now the real fun starts!"

#.##...........#
###....########..#
#..)...########..##
#.####............ #.#
##########..# #.# #..# #.#
#..# #.# #.5# #.# #.@# ..#
#..########.#
..#############...........#
.................##########
..################ ..# ..#
### #


You could see Grinder.

Vanquished Creatures
  A scorpion (D:3)
  3 gnolls
  2 adders
  A shadow imp (D:3)
  A ribbon worm (D:4)
  A dart slug (D:1)
  An orc (D:4)
  9 ball pythons
  8 endoplasms
  2 giant cockroaches
  6 goblins
  6 hobgoblins
  5 kobolds
  A quokka (D:2)
  3 bats
  4 frilled lizards
  5 rats
59 creatures vanquished.

Notes
Turn   | Place    | Note
-------+----------+-------------------------------------------
     0 | D:1      | Anonymous1 the Vampire Hexslinger began the quest for the
                  | Orb.
     0 | D:1      | Reached XP level 1. HP: 14/14 MP: 2/2
    97 | D:1      | Reached skill level 5 in Hexes
   168 | D:1      | Reached XP level 2. HP: 20/20 MP: 3/3
   174 | D:1      | Learned a level 2 spell: Jinxbite
   441 | D:1      | Reached skill level 1 in Stealth
   889 | D:1      | Found a faded altar of an unknown god.
  1043 | D:2      | Gained mutation: You are afflicted with vampirism and can
                  | become a bat while bloodless. [Vampire growth]
  1043 | D:2      | Reached XP level 3. HP: 22/25 MP: 4/4
  1924 | D:3      | Reached XP level 4. HP: 31/31 MP: 6/6
  2202 | D:3      | Noticed a scorpion
  2213 | D:3      | Noticed Grinder
  2282 | D:4      | Noticed a black bear
  2363 | D:3      | Killed a scorpion
  2364 | D:3      | Reached XP level 5. HP: 36/36 MP: 4/8
  2388 | D:3      | Learned a level 3 spell: Dazzling Flash
  2447 | D:3      | Paralysed by Grinder for 5 turns
  2462 | D:3      | Slain by Grinder

Illustrated notes

Levels and vault maps discovered:
D:1:      saegor_arrival_simple_a, layout_loops_corners,
          hellmonk_ecumenical_altar_inner_sanctum, st_stairs_6
D:2:      layout_basic, minmay_tripent
D:3:      layout_loops_ring, uniq_grinder
D:4:      layout_basic, kennysheep_ying_yang, eino_small_chamber_without_monster

Skill      XL: |  1  2  3  4 |
---------------+-------------+-----
Hexes          | 5 |  5.6
Stealth        | 2 3 4 |  4.3
Dodging        | 3 |  3.5
Spellcasting   | 2 |  2.1
Fighting       | |  0.8
Short Blades   | |  0.2
Ranged Weapons | |  1.5
Fire Magic     | |  0.7

Action                     |  1- 3 |  4- 6 || total
---------------------------+-------+-------++-------
  Melee: Dagger            |       |    27 ||    27
         Bite              |       |     3 ||     3
   Fire: Sling             |    96 |    36 ||   132
   Cast: Jinxbite          |     5 |     6 ||    11
    Use: Scroll            |     1 |     1 ||     2
         Potion            |       |     1 ||     1
   Stab: Sleeping          |       |     1 ||     1
 Armour: Robe              |    19 |    22 ||    41
  Dodge: Dodged            |    25 |    25 ||    50

Table legend: (Time is in decaauts)
 A = Elapsed time spent in this place.
 B = Non-inter-level travel time spent in this place.
 C = Inter-level travel time spent in this place.
 D = Time resting spent in this place.
 E = Time spent auto-exploring this place.
 F = Levels seen in this place.
 G = Mean time per level.
                   A        B        C        D        E       F      G
               +--------+--------+--------+--------+--------+-----+--------+
         Total |   2493 |   2355 |    138 |     62 |   1790 |   4 |  623.2 |
       Dungeon |   2493 |   2355 |    138 |     62 |   1790 |   4 |  623.2 |
               +--------+--------+--------+--------+--------+-----+--------+

Top non-repeatable levels by time:
     D:1: 1037 daAuts
     D:2: 872 daAuts
     D:3: 558 daAuts
     D:4: 25 daAuts
